 Dungeon Crawl Stone Soup version 0.29.1-12-g30fa7ad0bf (webtiles) character file.

Game seed: 6041829317382025412

8769 stormannn the Geomancer (level 11, -22/50 (54) HPs)
             Began as a Gargoyle Earth Elementalist on Dec 31, 2022.
             Was an Elder of Vehumet.
             Annihilated by a large abomination (30 damage)
             ... on level 1 of the Abyss.
             The game lasted 00:48:00 (11140 turns).

stormannn the Geomancer (GrEE)                     Turns: 11140, Time: 00:48:01

HP:   -22/50 (54)   AC: 19    Str:  8    XL:     11   Next: 36%
MP:   15/22         EV: 15    Int: 20    God:    Vehumet [****..]
Gold: 606           SH:  3    Dex: 14    Spells: 17/25 levels left

rFire   + . .      SeeInvis .   s - +7 Throatcutter {drain, coup de grace}
rCold   . . .      Faith    .   h - +0 buckler
rNeg    + . .      Spirit   .   Q - +0 steam dragon scales
rPois   ∞          Reflect  .   z - +0 helmet
rElec   +          Harm     .   R - +1 cloak "Coqish" {Drain rF+ Regen+ Dex+4}
rCorr   .          Rampage  .   G - +1 Delatra's gloves {ID++}
Will    .....                   l - +0 pair of boots
Stlth   ++........              (no amulet)
HPRegen 0.96/turn               x - +4 ring of evasion
MPRegen 0.18/turn               M - ring of wizardry

@: drained
A: sickness immunity, AC +8, negative energy resistance 1, electricity
resistance, torment resistance 1, petrification resistance, [screaming 2], [weak
2]
a: Renounce Religion


You were on level 1 of the Abyss.
You worshipped Vehumet.
Vehumet was greatly pleased with you.
You visited 2 branches of the dungeon, and saw 11 of its levels.
You visited the Abyss 1 time.
You also visited: Ossuary.

You collected 606 gold pieces.

Inventory:

Hand Weapons
 s - the +7 Throatcutter (weapon) {drain, coup de grace}
   (You took it off a kobold on level 3 of the Dungeon)

   A truly terrible weapon, it drains the life of any living foe it strikes.
   It may instantly kill foes which have little health.
Missiles
 d - 71 stones
 t - 7 poisoned darts (quivered)
 O - 2 throwing nets
Armour
 a - a +0 robe
 h - a +0 buckler (worn)
 l - a +0 pair of boots (worn)
 y - the +2 ring mail of Pumittue {Stlth+}
   (You found it on level 5 of the Dungeon)

   Stlth:     It makes you more stealthy.
 z - a +0 helmet (worn)
 G - the +1 Delatra's gloves (worn) {ID++}
   (You found it on level 6 of the Dungeon)

   It heals its wearer when they drink unknown potions.
   It restores its wearer's MP when they read unknown scrolls.
 N - +0 acid dragon scales
 Q - +0 steam dragon scales (worn)
 R - the +1 cloak "Coqish" (worn) {Drain rF+ Regen+ Dex+4}
   (You found it on level 9 of the Dungeon)

   Dex:       It affects your dexterity (+4).
   rF:        It protects you from fire.
   Regen:     It increases your rate of health regeneration.
   Drain:     It drains your maximum health when unequipped.
 S - a scarf of repulsion
Magical Staves
 J - a staff of poison
Jewellery
 x - a +4 ring of evasion (left hand)
 M - a ring of wizardry (right hand)
Wands
 w - a wand of digging (8)
 D - a wand of charming (5)
 K - a wand of iceblast (7)
 L - a wand of flame (26)
 T - a wand of mindburst (4)
Scrolls
 e - 5 scrolls of blinking
 f - 6 scrolls of identify
 i - 2 scrolls of brand weapon
 o - 5 scrolls of teleportation
 B - a scroll of noise {unknown}
 C - a scroll of magic mapping {unknown}
 E - a scroll of amnesia {unknown}
 F - 3 scrolls of poison {unknown}
 H - 4 scrolls of fear {unknown}
 I - a scroll of summoning
 P - a scroll of silence {unknown}
Potions
 b - 3 potions of magic
 c - 5 potions of curing
 g - 3 potions of heal wounds
 j - 2 potions of flight
 k - a potion of might
 m - 5 potions of ambrosia
 n - 4 potions of attraction
 p - a potion of degeneration {unknown}
 q - 3 potions of mutation {unknown}
 r - 3 potions of resistance {unknown}
 u - 2 potions of invisibility {unknown}
 v - 3 potions of haste {unknown}
 A - 2 potions of cancellation {unknown}


   Skills:
 - Level 2.0 Armour
 - Level 1.6 Dodging
 - Level 2.2 Stealth
 + Level 7.6 Spellcasting
 + Level 8.2 Conjurations
 - Level 4.0 Translocations
 - Level 0.8 Transmutations
 + Level 13.5 Earth Magic
 + Level 6.3 Invocations


You had 17 spell levels left.
You knew the following spells:

 Your Spells              Type           Power      Damage    Failure   Level
a - Sandblast             Erth           100%       2d20      1%          1
b - Stone Arrow           Conj/Erth      100%       3d13      1%          3
c - Iskenderun's Mystic   Conj/Tloc      32%        2d8       1%          4

Your spell library contained the following spells:

 Spells                   Type           Power      Damage    Failure   Level
 Apportation              Tloc           46%        N/A       1%          1
 Blink                    Tloc           46%        N/A       1%          2
 Passwall                 Tmut/Erth      30%        N/A       1%          2
 Petrify                  Tmut/Erth      36%        N/A       2%          4
 Slow                     Hex            28%        N/A       4%          1
 Portal Projectile        Hex/Tloc       30%        N/A       6%          3
 Lightning Bolt           Conj/Air       12%        1d25      7%          5
 Ensorcelled Hibernation  Hex/Ice        14%        N/A       8%          2
 Spider Form              Tmut/Pois      9%         N/A       12%         3
 Airstrike                Air            3%         2d(1-17)  13%         4
 Confusing Touch          Hex            7%         N/A       16%         3
 Tukima's Dance           Hex            7%         N/A       16%         3
 Vampiric Draining        Necr           7%         2d6       16%         3
 Manifold Assault         Tloc           23%        N/A       26%         5
 Anguish                  Hex/Necr       3%         N/A       43%         4
 Summon Lightning Spire   Summ/Air       7%         N/A       43%         4
 Blade Hands              Tmut           5%         N/A       65%         5
 Alistair's Intoxication  Tmut/Pois      6%         N/A       71%         5
 Storm Form               Tmut/Air       4%         N/A       100%        7


Dungeon Overview and Level Annotations

Branches:
Dungeon (10/15)            Temple (1/1) D:5            Lair (0/5) D:9
Ossuary (visited)
    Orc: D:9-12

Altars:
Ashenzari
Cheibriados
Dithmenos
Elyvilon
Fedhas
Hepliaklqana
Kikubaaqudgha
Makhleb
Nemelex Xobeh
Okawaru
Qazlal
Ru
Sif Muna
Trog
Uskayaw
Vehumet
Wu Jian
Xom
Yredelemnul
Zin
The Shining One

Shops:
D:5 :   D:8 (   D:9 (

Annotations:
D:10 Sonja


Innate Abilities, Weirdness & Mutations

You are immune to sickness and miasma.
Your stone body is resilient. (AC +8)
You are immune to poison.
You resist negative energy. (rN+)
You are resistant to electric shocks. (rElec)
You are resistant to unholy torment.
You are immune to petrification.
[You frequently scream uncontrollably at your foes.]
[You are very weak. (Str -4)]


Message History

Confirm with . or Enter, or press ? or * to list all spells.
You erupt in a blast of force!
The mystic blast hits the necromancer!
The necromancer is heavily wounded.
The necromancer is knocked back by the mystic blast.
The necromancer collides with the necromancer!
The necromancer is moderately wounded.
The necromancer is severely wounded.
The mystic blast hits the wretched star!
The wretched star is lightly damaged.
The wretched star is knocked back by the mystic blast.
The mystic blast hits the worldbinder but does no damage.
The worldbinder barely misses you.
The worldbinder hits you but does no damage.
The wretched star pulses with an eldritch light!
You feel the urge to shout.
You feel a strong urge to scream.
Unknown command.
Unknown command.
Unknown command.
Unknown command.
The necromancer disappears in a puff of smoke!
The necromancer casts a spell at you.
The bolt of negative energy hits the worldbinder.
The worldbinder completely resists.
The bolt of negative energy hits you! You partially resist.
You feel drained.
The worldbinder calls forth creatures from the Crypt!
The skeletal warrior attacks as you move away!
You block the skeletal warrior's attack.
The wretched star glows turbulently.
The lance of force misses you.
A large abomination comes into view.
The necromancer disappears in a puff of smoke!
The worldbinder calls forth creatures from the Crypt!
The wretched star glows turbulently.
The lance of force hits you!
You are knocked back by the lance of force.
You slam into the rock wall!
* * * LOW HITPOINT WARNING * * *
The large abomination hits you!!
Ouch! That really hurt!
You die...

# # .. .. .## . . .
.#### .#.# ## # #####
....# # #####.#... ....#
......#..X# ...#..#.#
#...#@###### ..#..#
.#.#####..xz...# .W..# .
..##..#.#.###...
.#.##.##...#..*..p# #
...p....##.###..#p....#
.#..........##§######..#
#. .#..#.....X.#...# #
.# ###.#.#...§#.#..#
#... ... ....#.#. .#


You could see a wretched star, a skeletal warrior (summoned), a large
abomination, 2 necromancers and a worldbinder.

Vanquished Creatures
  Maurice (D:8)
  Joseph (D:8)
  Grinder (D:6)
  A hornet (D:8)
  A shadow (D:9)
  A wraith (D:9)
  A wyvern (D:7)
  12 yaks
  A human (D:7)
  2 steam dragons
  Grum (D:8)
  Menkaure (D:5)
  An acid dragon (D:9)
  A large abomination (Abyss:1)
  3 black bears
  3 water moccasins
  3 orc warriors
  3 ice beasts
  A sky beast (D:6)
  5 centaurs
  A starcursed mass (Abyss:1)
  An ogre (D:4)
  3 wolves (D:7)
  2 phantoms
  8 bullfrogs
  A necrophage (D:7)
  4 scorpions
  2 gnoll sergeants
  A water moccasin zombie (Ossuary)
  4 wights (D:7)
  8 killer bees (D:9)
  3 howler monkeys
  3 hounds
  An iron imp (D:8)
  Crazy Yiuf (D:5)
  5 orc priests
  A gnoll bouda (D:7)
  2 iguanas
  7 orc wizards
  2 mummies (Ossuary)
  12 gnolls
  6 adders
  A white imp (D:6)
  5 adder zombies (Ossuary)
  A worm (D:2)
  2 dart slugs
  33 orcs
  5 ball pythons
  5 endoplasms
  3 giant cockroaches
  4 gnoll zombies (Ossuary)
  12 goblins
  9 hobgoblins
  13 jackals
  8 kobolds
  2 quokkas
  5 bats
  2 frilled lizards
  A goblin zombie (D:7)
  7 hobgoblin zombies (Ossuary)
  5 kobold zombies (Ossuary)
  2 orc zombies (Ossuary)
  3 rats
250 creatures vanquished.

Vanquished Creatures (others)
  42 fungi (D:9)
  47 plants (D:9)
89 creatures vanquished.

Grand Total: 339 creatures vanquished

Notes
Turn   | Place    | Note
-------+----------+-------------------------------------------
     0 | D:1      | stormannn the Gargoyle Earth Elementalist began the quest
                  | for the Orb.
     0 | D:1      | Reached XP level 1. HP: 10/10 MP: 3/3
     4 | D:1      | Noticed an electric eel
     5 | D:1      | Noticed an electric eel
   307 | D:1      | Reached skill level 4 in Earth Magic
   307 | D:1      | Reached XP level 2. HP: 9/15 MP: 0/5
   971 | D:1      | Found a faded altar of an unknown god.
  1227 | D:1      | Reached XP level 3. HP: 19/19 MP: 0/6
  1881 | D:2      | Reached XP level 4. HP: 23/24 MP: 5/7
  1905 | D:2      | Reached skill level 1 in Conjurations
  2068 | D:2      | Reached skill level 5 in Earth Magic
  2716 | D:3      | Reached XP level 5. HP: 18/28 MP: 5/9
  3312 | D:4      | Noticed an ogre
  3318 | D:4      | Killed an ogre
  3319 | D:4      | Reached skill level 6 in Earth Magic
  3319 | D:4      | Reached XP level 6. HP: 32/32 MP: 7/10
  3381 | D:4      | Found a sand-covered staircase.
  3386 | Ossuary  | Entered an ossuary
  3711 | D:4      | Found a sparkling altar of Nemelex Xobeh.
  3789 | D:4      | Reached XP level 7. HP: 36/36 MP: 8/12
  4426 | D:4      | Learned a level 3 spell: Stone Arrow
  4441 | D:5      | Entered Level 5 of the Dungeon
  4448 | D:5      | Reached skill level 7 in Earth Magic
  4490 | D:5      | Noticed Menkaure
  4495 | D:5      | Killed Menkaure
  4576 | D:5      | Found a staircase to the Ecumenical Temple.
  4579 | D:5      | Identified the +2 ring mail of Pumittue {Stlth+}
  4589 | Temple   | Entered the Ecumenical Temple
  4746 | Temple   | Became a worshipper of Vehumet
  4953 | D:5      | Found a hide-covered altar of Uskayaw.
  5128 | D:5      | Found Cablufeu's Book Boutique.
  5280 | D:5      | Found a runed translucent door.
  5281 | D:5      | Noticed Crazy Yiuf
  5376 | D:5      | Killed Crazy Yiuf
  5377 | D:5      | Reached skill level 8 in Earth Magic
  5446 | D:6      | Reached XP level 8. HP: 41/41 MP: 10/14
  5491 | D:6      | Reached skill level 1 in Invocations
  5495 | D:6      | Reached skill level 5 in Conjurations
  5664 | D:6      | Noticed Grinder
  5665 | D:6      | Paralysed by Grinder for 4 turns
  5671 | D:6      | Paralysed by Grinder for 5 turns
  5676 | D:6      | Killed Grinder
  5753 | D:6      | Noticed a yak
  5753 | D:6      | Noticed a yak
  5760 | D:6      | Killed a yak
  5761 | D:6      | Reached skill level 9 in Earth Magic
  5837 | D:6      | Noticed a yak
  5848 | D:6      | Noticed a yak
  5854 | D:6      | Killed a yak
  5855 | D:6      | Reached skill level 5 in Spellcasting
  5855 | D:6      | Killed a yak
  5856 | D:6      | Reached XP level 9. HP: 41/45 MP: 9/16
  6038 | D:6      | Reached skill level 10 in Earth Magic
  6042 | D:6      | Reached * piety under Vehumet
  6042 | D:6      | Offered knowledge of Magic Dart by Vehumet.
  6198 | D:6      | Found the +1 Delatra's gloves {ID++}
  7194 | D:7      | Found a snail-covered altar of Cheibriados.
  7279 | D:7      | Reached skill level 11 in Earth Magic
  7376 | D:7      | Offered knowledge of Scorch by Vehumet.
  7706 | D:7      | Reached ** piety under Vehumet
  7709 | D:7      | Found a runed translucent door.
  7739 | D:7      | Reached XP level 10. HP: 43/50 MP: 16/19
  7840 | D:7      | Found a basalt altar of Yredelemnul.
  8070 | D:8      | Reached skill level 12 in Earth Magic
  8265 | D:8      | Noticed Joseph
  8277 | D:8      | Killed Joseph
  8440 | D:8      | Found a burning altar of Makhleb.
  8491 | D:8      | Noticed Grum
  8696 | D:8      | Reached skill level 5 in Invocations
  8701 | D:8      | Killed Grum
  8866 | D:8      | Noticed Maurice
  8884 | D:8      | Offered knowledge of Inner Flame by Vehumet.
  8925 | D:8      | Killed Maurice
  9084 | D:8      | Found a shimmering altar of Xom.
  9157 | D:8      | Found Vinoavutz's Weapon Boutique.
  9261 | D:9      | Reached *** piety under Vehumet
  9309 | D:9      | Reached skill level 13 in Earth Magic
  9760 | D:9      | Reached skill level 1 in Armour
  9760 | D:9      | Reached XP level 11. HP: 54/54 MP: 22/22
  9776 | D:9      | Offered knowledge of Iskenderun's Mystic Blast by Vehumet.
  9782 | D:9      | Learned a level 4 spell: Iskenderun's Mystic Blast
  9807 | D:9      | Reached skill level 1 in Translocations
 10024 | D:9      | Found a staircase to the Lair.
 10271 | D:9      | Identified the +1 cloak "Coqish" {Drain rF+ Regen+ Dex+4}
 10363 | D:9      | Found Pyahyd's Weapon Emporium.
 10463 | D:9      | Found a glowing golden altar of the Shining One.
 10790 | D:10     | Entered Level 10 of the Dungeon
 10810 | D:10     | Reached **** piety under Vehumet
 10872 | D:10     | Noticed Sonja
 10889 | Abyss:1  | Cast into level 1 of the Abyss (Sonja)
 10893 | Abyss:1  | Found a corrupted altar of Lugonu.
 10990 | Abyss:1  | Noticed a starcursed mass
 11093 | Abyss:1  | Noticed a thrashing horror
 11111 | Abyss:1  | Noticed a worldbinder
 11112 | Abyss:1  | Noticed a skeletal warrior
 11120 | Abyss:1  | Noticed a skeletal warrior
 11120 | Abyss:1  | Noticed a necromancer
 11124 | Abyss:1  | Noticed a necromancer
 11124 | Abyss:1  | Found a viscous altar of Jiyva.
 11131 | Abyss:1  | Noticed a necromancer
 11131 | Abyss:1  | Noticed a necromancer
 11131 | Abyss:1  | Noticed a wretched star
 11139 | Abyss:1  | Noticed a skeletal warrior
 11140 | Abyss:1  | Noticed a large abomination
 11140 | Abyss:1  | Noticed a necromancer
 11140 | Abyss:1  | Noticed a necromancer
 11140 | Abyss:1  | Annihilated by a large abomination

Illustrated notes

Levels and vault maps discovered:
D:1:      arrival_aquarium_b, layout_loops_corners,
          dreamdust_ecumenical_altar_statues
D:2:      layout_loops_ring
D:3:      layout_loops_ring
D:4:      layout_basic, lemuel_crystal_altar, enter_ossuary_2
D:5:      layout_rooms, nicolae_uskayaw_dance_hall, minmay_temple_entry_grid,
          serial_shops, nicolae_shop_stone, uniq_menkaure,
          uniq_crazy_yiuf_cottage
D:6:      layout_loops_ring, pf_guarded_unrand_delatra, uniq_grinder
D:7:      layout_basic, kennysheep_mini_moat, dk_yredelemnul_ordeal
D:8:      layout_cave_pools, makhleb_grotto_becter,
          mainiacjoe_overflow_alcove_4, serial_shops, nicolae_lakefront_shop,
          uniq_maurice, uniq_joseph, uniq_grum
D:9:      layout_basic, nicolae_tso_swordbearing_angel,
          due_lair_maze_entry_diamond, serial_shops, shop, minivault_4
D:10:     layout_loops_corners, grunt_gozag_breadcrumbs, serial_shops,
          nicolae_shop_temple_entry_statues_fountains,
          minmay_fractal_squares_gapless_5, uniq_sonja, uniq_josephine
Temple:   nicolae_temple_superstar
Abyss:1:  base: D:7, spicy_abyss_pitcher_plant

Skill      XL: |  1  2  3  4  5  6  7  8  9 10 11 |
---------------+----------------------------------+-----
Earth Magic    | 4 5 6 8 9 11 13 | 13.5
Conjurations   | 2 3 4 5 7 8 |  8.2
Spellcasting   | 3 4 5 6 7 |  7.6
Invocations    | 3 4 6 |  6.3
Armour         | 1 2 |  2.0
Translocations | 4 |  4.0
Dodging        | |  1.6
Stealth        | |  2.2
Transmutations | |  0.8

Action                   |  1- 3 |  4- 6 |  7- 9 | 10-12 || total
-------------------------+-------+-------+-------+-------++-------
Melee: Unarmed           |    12 |       |       |       ||    12
       Short sword       |    31 |    28 |       |       ||    59
       Dagger            |     3 |       |       |       ||     3
       Long sword        |       |    61 |    16 |       ||    77
Throw: Dart              |       |       |       |     4 ||     4
 Cast: Sandblast         |    44 |    35 |   136 |   184 ||   399
       Stone Arrow       |       |       |     7 |       ||     7
       Iskenderun's Myst |       |       |       |     3 ||     3
  Use: Scroll            |     2 |     7 |     6 |     1 ||    16
       Potion            |       |     1 |       |     3 ||     4
 Stab: Sleeping          |     1 |     3 |     1 |       ||     5
Armor: Robe              |    21 |    22 |    28 |    36 ||   107
       Steam dragon scal |       |       |       |     7 ||     7
       Acid dragon scale |       |       |       |     1 ||     1
Dodge: Dodged            |    53 |    45 |    63 |   135 ||   296
Block: Buckler           |     5 |     8 |    12 |    26 ||    51
